TOP OF THE 1ST |
Lowell Spinners batting - Pitching for Chicago (NYP) White Sox : RHP Rick Sacket
|
Pitching: RHP Rick Sacket
|
|
Batting: LHB Eric Gaugler
|
0-0: Called Strike 0-1: Foul Ball, location: 2F 0-2: Ball 1-2: Strikes out swinging
|
Batting: LHB Kevin Rolison
|
0-0: Ball 1-0: Ball 2-0: Swinging Strike 2-1: Ball 3-1: SINGLE (Line Drive, 4D, EV 95.0 MPH)
|
Batting: LHB Danny Montoya
|
0-0: Ball 1-0: Ground out 6-3 (Groundball, 4S, EV 66.9 MPH) Kevin Rolison to second
|
Batting: LHB Javier Cajina
|
0-0: Ball 1-0: Foul Ball, location: 2F 1-1: Called Strike 1-2: Ball 2-2: Ball 3-2: SINGLE (Line Drive, 89S, EV 103.1 MPH) Kevin Rolison to third
|
Batting: RHB Willie Camacho
|
0-0: Ball 1-0: Foul Ball, location: 2F 1-1: Ball 2-1: Fielders Choice at 2nd, 6-4 (Groundball, 6, EV 76.2 MPH)
|
Top of the 1st over - 0 runs, 2 hits, 0 errors, 2 left on base; Lowell 0 - Chicago (NYP) 0 |
BOTTOM OF THE 1ST |
Chicago (NYP) White Sox batting - Pitching for Lowell Spinners : LHP Tara Kawashima
|
Pitching: LHP Tara Kawashima
|
|
Batting: RHB Rafael Medina
|
0-0: Called Strike 0-1: Ball 1-1: Ball 2-1: SINGLE (Flyball, 4D, EV 91.2 MPH)
|
Batting: RHB Shintaro Katsumata
|
0-0: Called Strike 0-1: Ball Rafael Medina is caught stealing 2nd base 2-4 1-1: Ball 2-1: Ball 3-1: Called Strike 3-2: Strikes out swinging
|
Batting: SHB Danny Gallegos
|
0-0: Called Strike 0-1: SINGLE (Groundball, 4, EV 106.2 MPH)
|
Batting: RHB Jeremy Lewis
|
0-0: Ball 1-0: Ball Wild Pitch! Danny Gallegos to second 2-0: 2-RUN HOME RUN (Flyball, 7D, EV 96.9 MPH), Distance : 377 ft
|
Batting: RHB Kyle Morse
|
0-0: Ball 1-0: Foul Ball, location: 2F 1-1: Called Strike 1-2: Strikes out swinging
|
Bottom of the 1st over - 2 runs, 3 hits, 0 errors, 0 left on base; Lowell 0 - Chicago (NYP) 2 |
TOP OF THE 2ND |
Lowell Spinners batting - Pitching for Chicago (NYP) White Sox : RHP Rick Sacket
|
Batting: LHB Mike Hutcheson
|
0-0: Ball 1-0: Foul Ball, location: 2F 1-1: Ball 2-1: Foul Ball, location: 2F 2-2: Ball 3-2: Ground out 6-3 (Groundball, 6, EV 83.1 MPH)
|
Batting: RHB Bakhtiar Asadov
|
0-0: Swinging Strike 0-1: Ball 1-1: Ball 2-1: Foul Ball, location: 2F 2-2: Ball 3-2: Base on Balls
|
Batting: RHB Rogelio Cervantes
|
0-0: Called Strike 0-1: Ball 1-1: Called Strike 1-2: Foul Ball, location: 2F 1-2: Fielders Choice at 2nd, 6-4 (Groundball, 6, EV 86.9 MPH)
|
Batting: RHB Roger Mitchell
|
0-0: Called Strike 0-1: Called Strike Pickoff Throw by Catcher to First - Out!
|
Top of the 2nd over - 0 runs, 0 hits, 0 errors, 0 left on base; Lowell 0 - Chicago (NYP) 2 |
BOTTOM OF THE 2ND |
Chicago (NYP) White Sox batting - Pitching for Lowell Spinners : LHP Tara Kawashima
|
Batting: RHB Sean Peake
|
0-0: SINGLE (Flyball, 34D, EV 89.4 MPH)
|
Batting: RHB Yorkis Saiki
|
0-0: Ball 1-0: Swinging Strike 1-1: Ball 2-1: Ball 3-1: Called Strike 3-2: Reached on error, E6 (Groundball, 6MD, EV 96.2 MPH) Sean Peake to second
|
Batting: SHB Manny Berrones
|
0-0: SINGLE (Line Drive, 89S, EV 108.1 MPH) Sean Peake to third Yorkis Saiki to second Runner from 3rd tries for Home, throw by RF and OUT! 9-2
|
Batting: RHB Ighlas Mwara
|
0-0: Ball 1-0: Called Strike 1-1: Called Strike 1-2: Strikes out swinging
|
Batting: RHB Rafael Medina
|
0-0: SINGLE (Line Drive, 89S, EV 106.9 MPH) Yorkis Saiki to third Manny Berrones to second
|
Batting: RHB Shintaro Katsumata
|
Balk! Yorkis Saiki scores Manny Berrones to third Rafael Medina to second 0-0: Called Strike 0-1: Foul Ball, location: 2F 0-2: Ball 1-2: Ball 2-2: Strikes out swinging
|
Bottom of the 2nd over - 1 run, 3 hits, 1 error, 2 left on base; Lowell 0 - Chicago (NYP) 3 |
TOP OF THE 3RD |
Lowell Spinners batting - Pitching for Chicago (NYP) White Sox : RHP Rick Sacket
|
Batting: RHB Roger Mitchell
|
0-0: Foul Ball, location: 2F 0-1: Ground out 4-3 (Groundball, 4, EV 86.9 MPH)
|
Batting: LHB Eric Gaugler
|
0-0: Ball 1-0: Swinging Strike 1-1: Ground out 4-3 (Groundball, 4, EV 86.2 MPH)
|
Batting: LHB Kevin Rolison
|
0-0: Ball 1-0: Ball 2-0: DOUBLE (Groundball, 3L, EV 110.0 MPH)
|
Batting: LHB Danny Montoya
|
0-0: Called Strike 0-1: Ground out 1-3 (Groundball, P, EV 74.4 MPH)
|
Top of the 3rd over - 0 runs, 1 hit, 0 errors, 1 left on base; Lowell 0 - Chicago (NYP) 3 |
BOTTOM OF THE 3RD |
Chicago (NYP) White Sox batting - Pitching for Lowell Spinners : LHP Tara Kawashima
|
Batting: SHB Danny Gallegos
|
0-0: Called Strike 0-1: SOLO HOME RUN (Flyball, 7D, EV 105.6 MPH), Distance : 421 ft
|
Batting: RHB Jeremy Lewis
|
0-0: Ground out U3 (Groundball, 34, EV 78.8 MPH)
|
Batting: RHB Kyle Morse
|
0-0: Ball 1-0: Swinging Strike 1-1: SOLO HOME RUN (Flyball, 78XD, EV 109.4 MPH), Distance : 435 ft
|
Batting: RHB Sean Peake
|
0-0: Ball 1-0: Ball 2-0: Ball 3-0: Base on Balls
|
Batting: RHB Yorkis Saiki
|
0-0: Ball Sean Peake steals 2nd, throwing error, E2 Sean Peake to third 1-0: Swinging Strike 1-1: Ball 2-1: Ball 3-1: Called Strike 3-2: SINGLE (Groundball, 3D, EV 94.4 MPH) Sean Peake scores
|
Pitching: RHP Jose Abanto
|
|
Batting: SHB Manny Berrones
|
0-0: Fly out, F7 (Flyball, 7LM, EV 88.8 MPH)
|
Batting: RHB Ighlas Mwara
|
0-0: Called Strike 0-1: Ball 1-1: Swinging Strike 1-2: Strikes out swinging
|
Bottom of the 3rd over - 3 runs, 3 hits, 1 error, 1 left on base; Lowell 0 - Chicago (NYP) 6 |
TOP OF THE 4TH |
Lowell Spinners batting - Pitching for Chicago (NYP) White Sox : RHP Rick Sacket
|
Batting: LHB Javier Cajina
|
0-0: Called Strike 0-1: Swinging Strike 0-2: Ball 1-2: Ball 2-2: Strikes out swinging
|
Batting: RHB Willie Camacho
|
0-0: Ball 1-0: Swinging Strike 1-1: Foul Ball, location: 2F 1-2: Strikes out swinging
|
Batting: LHB Mike Hutcheson
|
0-0: Swinging Strike 0-1: Ball 1-1: Foul Ball, location: 2F 1-2: Fly out, F8 (Flyball, 8RM, EV 94.4 MPH)
|
Top of the 4th over - 0 runs, 0 hits, 0 errors, 0 left on base; Lowell 0 - Chicago (NYP) 6 |
BOTTOM OF THE 4TH |
Chicago (NYP) White Sox batting - Pitching for Lowell Spinners : RHP Jose Abanto
|
Batting: RHB Rafael Medina
|
0-0: Ball 1-0: Called Strike 1-1: Ball 2-1: Ball 3-1: Called Strike 3-2: Foul Ball, location: 2F 3-2: Base on Balls
|
Batting: RHB Shintaro Katsumata
|
0-0: Called Strike Rafael Medina steals 2nd base (no throw) 0-1: Swinging Strike 0-2: Strikes out swinging
|
Batting: SHB Danny Gallegos
|
0-0: Called Strike 0-1: Swinging Strike 0-2: Ball 1-2: DOUBLE (Line Drive, 89D, EV 110.6 MPH) Rafael Medina scores
|
Batting: RHB Jeremy Lewis
|
0-0: Called Strike 0-1: Hit by Pitch
|
Batting: RHB Kyle Morse
|
0-0: Ball 1-0: Ball 2-0: Called Strike 2-1: Fielders Choice at 2nd, 5-4 (Groundball, 56, EV 83.8 MPH) Danny Gallegos to third
|
Batting: RHB Sean Peake
|
0-0: Ball 1-0: Ball 2-0: Swinging Strike 2-1: Swinging Strike 2-2: Strikes out swinging
|
Bottom of the 4th over - 1 run, 1 hit, 0 errors, 2 left on base; Lowell 0 - Chicago (NYP) 7 |
TOP OF THE 5TH |
Lowell Spinners batting - Pitching for Chicago (NYP) White Sox : RHP Rick Sacket
|
Batting: RHB Bakhtiar Asadov
|
0-0: Ball 1-0: Ball 2-0: Ball 3-0: Base on Balls
|
Batting: RHB Rogelio Cervantes
|
0-0: Called Strike 0-1: Foul Ball, location: 2F 0-2: Fly out, F1 (Line Drive, P, EV 61.9 MPH) Lined into DP, 1-3 (Line Drive, P, EV 65.0 MPH)
|
Batting: RHB Roger Mitchell
|
0-0: Called Strike 0-1: Ball 1-1: Ball 2-1: SINGLE (Flyball, 3D, EV 98.8 MPH)
|
Batting: LHB Eric Gaugler
|
0-0: Ball 1-0: Foul Ball, location: 2F 1-1: Called Strike 1-2: Strikes out swinging
|
Top of the 5th over - 0 runs, 1 hit, 0 errors, 1 left on base; Lowell 0 - Chicago (NYP) 7 |
BOTTOM OF THE 5TH |
Chicago (NYP) White Sox batting - Pitching for Lowell Spinners : RHP Jose Abanto
|
Batting: RHB Yorkis Saiki
|
0-0: Called Strike 0-1: Ball 1-1: Ball 2-1: Foul Ball, location: 2F 2-2: Strikes out swinging
|
Batting: SHB Manny Berrones
|
0-0: Ball 1-0: Called Strike 1-1: Ball 2-1: Ground out 4-3 (Groundball, 4, EV 103.8 MPH)
|
Batting: RHB Ighlas Mwara
|
0-0: Called Strike 0-1: Ball 1-1: Hit by Pitch
|
Batting: RHB Rafael Medina
|
0-0: Ball 1-0: Foul Ball, location: 2F 1-1: Ball 2-1: Ball 3-1: Called Strike 3-2: Base on Balls Ighlas Mwara to second
|
Batting: RHB Shintaro Katsumata
|
0-0: Hit by Pitch Ighlas Mwara to third Rafael Medina to second
|
Batting: SHB Danny Gallegos
|
0-0: Called Strike 0-1: Ball 1-1: Foul Ball, location: 2F 1-2: Strikes out looking
|
Bottom of the 5th over - 0 runs, 0 hits, 0 errors, 3 left on base; Lowell 0 - Chicago (NYP) 7 |
TOP OF THE 6TH |
Lowell Spinners batting - Pitching for Chicago (NYP) White Sox : RHP Rick Sacket
|
Batting: LHB Kevin Rolison
|
0-0: Swinging Strike 0-1: Ball 1-1: Ball 2-1: Called Strike 2-2: Ball 3-2: Strikes out looking
|
Pitching: RHP Mason Broderick
|
|
Batting: LHB Danny Montoya
|
0-0: Ball 1-0: Swinging Strike 1-1: Swinging Strike 1-2: Ground out U3 (Groundball, 3S, EV 71.2 MPH)
|
Batting: LHB Javier Cajina
|
0-0: Ball 1-0: DOUBLE (Line Drive, 89XD, EV 108.8 MPH)
|
Batting: RHB Willie Camacho
|
0-0: Foul Ball, location: 2F 0-1: Ball 1-1: Ball 2-1: SINGLE (Groundball, 25, EV 72.5 MPH) (infield hit) Javier Cajina to third
|
Batting: LHB Mike Hutcheson
|
0-0: Ball 1-0: SINGLE (Line Drive, 89M, EV 87.5 MPH) Javier Cajina scores Willie Camacho to second Runner from 2nd tries for 3rd, SAFE, throw by RF made to third
|
Batting: RHB Bakhtiar Asadov
|
0-0: Ball 1-0: Ball 2-0: Called Strike 2-1: Foul Ball, location: 2F 2-2: Ball 3-2: Base on Balls Mike Hutcheson to second
|
Batting: RHB Rogelio Cervantes
|
0-0: Foul Ball, location: 2F 0-1: Ball 1-1: Foul Ball, location: 2F 1-2: Fielders Choice at 2nd, 6-4 (Groundball, 6, EV 86.2 MPH)
|
Top of the 6th over - 1 run, 3 hits, 0 errors, 3 left on base; Lowell 1 - Chicago (NYP) 7 |
BOTTOM OF THE 6TH |
Chicago (NYP) White Sox batting - Pitching for Lowell Spinners : RHP Jose Abanto
|
Batting: RHB Jeremy Lewis
|
0-0: Swinging Strike 0-1: Swinging Strike 0-2: Ball 1-2: Foul Ball, location: 2F 1-2: Strikes out swinging
|
Batting: RHB Kyle Morse
|
0-0: Ball 1-0: Ball 2-0: Foul Ball, location: 2F 2-1: Ball 3-1: Called Strike 3-2: Foul Ball, location: 2F 3-2: Base on Balls
|
Pitching: RHP Danny Marquez
|
|
Batting: RHB Sean Peake
|
0-0: Ball 1-0: Fly out, F7 (Flyball, 78D, EV 99.4 MPH)
|
Batting: RHB Yorkis Saiki
|
0-0: Ball 1-0: DOUBLE (Line Drive, 7LS, EV 106.9 MPH) Kyle Morse to third
|
Batting: SHB Manny Berrones
|
0-0: SINGLE (Groundball, 34D, EV 106.2 MPH) Kyle Morse scores Yorkis Saiki to third Runner from 3rd tries for Home, SAFE, throw by RF to home Manny Berrones to second
|
Batting: RHB Ighlas Mwara
|
0-0: Foul Ball, location: 2F 0-1: Ball 1-1: Ball 2-1: Foul Ball, location: 2F 2-2: Ball 3-2: Strikes out looking
|
Bottom of the 6th over - 2 runs, 2 hits, 0 errors, 1 left on base; Lowell 1 - Chicago (NYP) 9 |
TOP OF THE 7TH |
Lowell Spinners batting - Pitching for Chicago (NYP) White Sox : RHP Mason Broderick
|
Batting: RHB Roger Mitchell
|
0-0: Ball 1-0: Swinging Strike 1-1: Foul Ball, location: 2F 1-2: Foul Ball, location: 2F 1-2: Ball 2-2: Strikes out looking
|
Pinch Hitting: RHB Joe Booth
|
0-0: Ball 1-0: Called Strike 1-1: Foul Ball, location: 2F 1-2: Foul Ball, location: 2F 1-2: Ball 2-2: Foul Ball, location: 2F 2-2: Strikes out looking
|
Batting: LHB Kevin Rolison
|
0-0: Ball 1-0: Ball 2-0: Ball 3-0: Called Strike 3-1: Ground out 1-3 (Groundball, 13S, EV 69.4 MPH)
|
Top of the 7th over - 0 runs, 0 hits, 0 errors, 0 left on base; Lowell 1 - Chicago (NYP) 9 |
BOTTOM OF THE 7TH |
Chicago (NYP) White Sox batting - Pitching for Lowell Spinners : RHP Danny Marquez
|
Now in CF: Joe Booth
|
|
Pinch Hitting: RHB David Laureano
|
0-0: Swinging Strike 0-1: Ball 1-1: Foul Ball, location: 2F 1-2: Ball 2-2: Foul Ball, location: 2F 2-2: Strikes out swinging
|
Pinch Hitting: RHB Kasey Bland
|
0-0: SOLO HOME RUN (Flyball, 7LD, EV 100.0 MPH), Distance : 362 ft
|
Pinch Hitting: SHB Jose Romo
|
0-0: Ball 1-0: Swinging Strike 1-1: Swinging Strike 1-2: Ball 2-2: Strikes out swinging
|
Batting: RHB Jeremy Lewis
|
0-0: Ball 1-0: Ground out 5-3 (Groundball, 5, EV 81.9 MPH)
|
Bottom of the 7th over - 1 run, 1 hit, 0 errors, 0 left on base; Lowell 1 - Chicago (NYP) 10 |
TOP OF THE 8TH |
Lowell Spinners batting - Pitching for Chicago (NYP) White Sox : RHP Mason Broderick
|
Now at 2B: Malik Boulay
|
|
Now at 3B: Kasey Bland
|
|
Now at SS: David Laureano
|
|
Batting: LHB Danny Montoya
|
0-0: Ball 1-0: Ball 2-0: Foul Ball, location: 2F 2-1: DOUBLE (Groundball, 3L, EV 104.4 MPH)
|
Batting: LHB Javier Cajina
|
0-0: Called Strike 0-1: Fly out, F7 (Flyball, 7, EV 78.1 MPH)
|
Pitching: RHP Jose Barreras
|
|
Batting: RHB Willie Camacho
|
0-0: Ball 1-0: Called Strike 1-1: Ball 2-1: Called Strike 2-2: Foul Ball, location: 2F 2-2: Strikes out swinging
|
Batting: LHB Mike Hutcheson
|
0-0: Called Strike 0-1: Foul Ball, location: 2F 0-2: Ball 1-2: Reached on error, E6 (Groundball, 6, EV 105.0 MPH) Danny Montoya to third
|
Batting: RHB Bakhtiar Asadov
|
0-0: Ball 1-0: Ball 2-0: Called Strike 2-1: Foul Ball, location: 2F 2-2: Ground out 5-3 (Groundball, 5S, EV 83.8 MPH)
|
Top of the 8th over - 0 runs, 1 hit, 1 error, 2 left on base; Lowell 1 - Chicago (NYP) 10 |
BOTTOM OF THE 8TH |
Chicago (NYP) White Sox batting - Pitching for Lowell Spinners : RHP Danny Marquez
|
Pinch Hitting: RHB Bastiaan Leenders
|
0-0: Ball 1-0: Called Strike 1-1: Foul Ball, location: 2F 1-2: Ground out 5-3 (Groundball, 5, EV 103.8 MPH)
|
Pinch Hitting: RHB Jarno van Lente
|
0-0: Ball 1-0: Foul Ball, location: 2F 1-1: Ball 2-1: Ball 3-1: Called Strike 3-2: Strikes out swinging
|
Batting: RHB Yorkis Saiki
|
0-0: Called Strike 0-1: Ground out 6-3 (Groundball, 6, EV 103.1 MPH)
|
Bottom of the 8th over - 0 runs, 0 hits, 0 errors, 0 left on base; Lowell 1 - Chicago (NYP) 10 |
TOP OF THE 9TH |
Lowell Spinners batting - Pitching for Chicago (NYP) White Sox : RHP Jose Barreras
|
Now at 2B: Jarno van Lente
|
|
Now in LF: Malik Boulay
|
|
Now in CF: Ighlas Mwara
|
|
Now in RF: Bastiaan Leenders
|
|
Batting: RHB Rogelio Cervantes
|
0-0: Hit by Pitch
|
Batting: RHB Roger Mitchell
|
0-0: Ball 1-0: DOUBLE (Line Drive, 89D, EV 105.6 MPH) Rogelio Cervantes to third
|
Pinch Hitting: LHB John Buff
|
0-0: Ball 1-0: Foul Ball, location: 2F 1-1: Ground out 4-3 (Groundball, 34D, EV 91.2 MPH) Rogelio Cervantes scores Roger Mitchell to third
|
Batting: LHB Kevin Rolison
|
0-0: SINGLE (Groundball, 6MD, EV 96.9 MPH) Roger Mitchell scores
|
Batting: LHB Danny Montoya
|
0-0: Ball 1-0: Foul Ball, location: 2F 1-1: Grounds out, U3 (Groundball, 3L, EV 105.0 MPH)
|
Batting: LHB Javier Cajina
|
0-0: Ball 1-0: Ball 2-0: Called Strike 2-1: Swinging Strike 2-2: Strikes out swinging
|
Top of the 9th over - 2 runs, 2 hits, 0 errors, 1 left on base; Lowell 3 - Chicago (NYP) 10 |
|